 Dungeon Crawl Stone Soup version 0.21.1-1-g345015f (webtiles) character file.

17 shakethe the Skirmisher (level 2, 14/24 HPs)
             Began as a Demonspawn Fighter on Feb 18, 2018.
             Quit the game on level 1 of the Dungeon.
             The game lasted 00:00:35 (268 turns).

shakethe the Skirmisher (Demonspawn Fighter)         Turns: 268, Time: 00:00:36

Health: 14/24      AC:  6    Str: 16    XL:     2   Next: 44%
Magic:  2/2        EV:  6    Int:  9    God:
Gold:   7          SH:  8    Dex: 12    Spells: 1/1 levels left

rFire    . . .     SeeInvis .   a - +0 war axe
rCold    . . .     Gourm    .   c - +0 shield
rNeg     . . .     Faith    .   b - +0 scale mail
rPois    .         Spirit   .   (no helmet)
rElec    .         Reflect  .   (no cloak)
rCorr    .         Harm     .   (no gloves)
MR       .....                  (no boots)
Stlth    +.........             (no amulet)
HPRegen  0.08/turn              (no ring)
MPRegen  0.08/turn              (no ring)

@: no status effects
A: nightstalker 1
a: no special abilities


You were on level 1 of the Dungeon.
You were not hungry.

You visited 1 branch of the dungeon, and saw 1 of its levels.

You collected 7 gold pieces.

Inventory:

Hand Weapons
 a - a +0 war axe (weapon)
Armour
 b - a +0 scale mail (worn)
 c - a +0 shield (worn)
 e - a +0 helmet
   (You found it on level 1 of the Dungeon)
Scrolls
 g - a scroll of enchant weapon {unknown}
Potions
 d - a potion of might
Comestibles
 f - 2 rations


   Skills:
 + Level 3.3 Fighting
 * Level 2.5 Axes
 - Level 2.6 Armour
 - Level 2.6 Shields


You had one spell level left.
You didn't know any spells.

Dungeon Overview and Level Annotations

Branches:
Dungeon (1/15)

Altars:


Innate Abilities, Weirdness & Mutations

You are slightly more attuned to the shadows.


Message History

You block the bat's attack.
Unknown command.
You closely miss the bat. The bat hits you but does no damage.
You block the bat's attack. You block the bat's attack.
You slash the bat!
You kill the bat!
No target in view!
f - 2 rations (gained 1)
You start resting.
Health restored: 18 You now have 7 gold pieces.
A rat comes into view.
The rat barely misses you.
You hit the rat.
You kill the rat!
No target in view!
No target in view!
No target in view!
No target in view!
No target in view!
No target in view!
No target in view!
No target in view!
No target in view!
A gnoll comes into view. It is wielding a whip.
The gnoll shouts!
You block the gnoll's attack.
Your shield prevents you from hitting the gnoll.
The gnoll hits you with a whip. x2
You take 3 damage, and have 15/18 hp.
You closely miss the gnoll. You block the gnoll's attack.
You hit the gnoll. You block the gnoll's attack.
The gnoll hits you with a whip.
You take 3 damage, and have 12/18 hp.
You closely miss the gnoll. The gnoll hits you but does no damage.
You slash the gnoll! You block the gnoll's attack.
The gnoll closely misses you.
You hit the gnoll but do no damage. You block the gnoll's attack.
You hit the gnoll.
You kill the gnoll!
You have reached level 2!
Your demonic ancestry asserts itself...
You slip into the darkness of the dungeon.
You regained 5 hp, and now have 17/24 hp.
MP restored: 2 No target in view!
No target in view!
You see here a whip.
A kobold comes into view.
The kobold throws a stone.
The stone hits you.
You take 1 damage, and have 16/24 hp.
The kobold hits you but does no damage.
You miss the kobold. You block the kobold's attack.
You closely miss the kobold. You block the kobold's attack.
The kobold completely misses you.
You hit the kobold but do no damage. The kobold barely misses you.
You barely miss the kobold. You block the kobold's attack.
The kobold hits you but does no damage.
You barely miss the kobold. You block the kobold's attack.
You barely miss the kobold. The kobold hits you.
You take 1 damage, and have 16/24 hp.
You closely miss the kobold. The kobold hits you. x2
You take 3 damage, and have 13/24 hp.
You are too injured to fight recklessly!
You are too injured to fight recklessly!
You are too injured to fight recklessly!
You are too injured to fight recklessly!
You are too injured to fight recklessly!
You are too injured to fight recklessly!
You are too injured to fight recklessly!
A kobold is nearby!
You are too injured to fight recklessly!
You slash the kobold!
You kill the kobold!
You see here a kobold corpse.
You see here a dagger.
A frilled lizard comes into view.
The frilled lizard hisses angrily.
You are too injured to fight recklessly!
You are too injured to fight recklessly!
You are too injured to fight recklessly!
You are too injured to fight recklessly!
You are too injured to fight recklessly!
You are too injured to fight recklessly!
You are too injured to fight recklessly!
You are too injured to fight recklessly!
You are too injured to fight recklessly!
You are too injured to fight recklessly!
A frilled lizard is nearby!
You are too injured to fight recklessly!
You are too injured to fight recklessly!
You are too injured to fight recklessly!
You are too injured to fight recklessly!
You are too injured to fight recklessly!
You are too injured to fight recklessly!
You are too injured to fight recklessly!
You are too injured to fight recklessly!
You are too injured to fight recklessly!
Okay, then.

##################
#............#...#
#.# #....†....#.###
#.# ##.#####.......#
##.###...## ####.##.#
..#)......######.##.#
##.###..........#)#.#
†.......########@##.#
##.###### #.##.# ....
#l##.# ##.# ...#.#
..# ... ## .....
.....


You could see a frilled lizard.

Vanquished Creatures
  A gnoll (D:1)
  A leopard gecko (D:1)
  2 giant cockroaches (D:1)
  A kobold (D:1)
  A bat (D:1)
  A rat (D:1)
7 creatures vanquished.

Notes
Turn   | Place    | Note
-------+----------+-------------------------------------------
     0 | D:1      | shakethe the Demonspawn Fighter began the quest for the Orb.
     0 | D:1      | Reached XP level 1. HP: 18/18 MP: 1/1
    38 | D:1      | Reached skill level 2 in Axes
   236 | D:1      | Gained mutation: You are slightly more attuned to the shadows. [demonic ancestry]
   236 | D:1      | Reached XP level 2. HP: 17/24 MP: 2/2
   268 | D:1      | Quit the game

Skill      XL: |  1 |
---------------+----+-----
Axes           | 2 |  2.5
Fighting       | |  3.3
Armour         | |  2.6
Shields        | |  2.6

Action                   || total
-------------------------++-------
Melee: War axe           ||    31
Armor: Scale mail        ||    13
Dodge: Dodged            ||     9
Block: Shield            ||    18

Vault maps used:
D:1:      shiori_arrival_oz, minmay_misc_feat_tower, kennysheep_flooded_box,
          lemuel_old_faithful

Table legend:
 A = Turns spent in this place as a percentage of turns spent in the entire game.
 B = Non-inter-level travel turns spent in this place as a percentage of non-inter-level travel turns spent in the entire game.
 C = Inter-level travel turns spent in this place as a percentage of turns spent in this place.
 D = Turns resting spent in this place as a percentage of non-inter-level travel turns spent in this place.
 E = Turns spent auto-exploring this place as a percentage of non-inter-level travel turns spent in this place.
 F = Non-inter-level travel turns spent in this place divided by the number of levels of this place that you've seen.
                   A       B       C       D       E      F
               +-------+-------+-------+-------+-------+----------------------
         Total | 100.0 | 100.0 |   0.0 |  38.4 |  36.2 | 268.0
       Dungeon | 100.0 | 100.0 |   0.0 |  38.4 |  36.2 | 268.0
               +-------+-------+-------+-------+-------+----------------------

Table legend:
 A = Kills in this place as a percentage of kills in entire the game.
 B = Kills by you in this place as a percentage of kills by you in the entire game.
 C = Kills by friends in this place as a percentage of kills by friends in the entire game.
 D = Other kills in this place as a percentage of other kills in the entire game.
 E = Experience gained in this place as a percentage of experience gained in the entire game.
 F = Experience gained in this place divided by the number of levels of this place that you have seen.
                   A       B       C       D       E      F
               +-------+-------+-------+-------+-------+----------------------
         Total | 100.0 | 100.0 |   N/A |   N/A | 100.0 |  25.0
       Dungeon | 100.0 | 100.0 |   N/A |   N/A | 100.0 |  25.0
               +-------+-------+-------+-------+-------+----------------------
